 Dungeon Crawl Stone Soup version 0.26-a0-708-g17f3b190f9 (webtiles) character file.

Game seed: 1114501948860889466

96688 P0NYSLAYSTATION the Basher (level 16, -13/123 HPs)
             Began as a Human Delver on Oct 27, 2020.
             Was a Priest of Yredelemnul.
             Mangled by a dire elephant (25 damage)
             ... on level 15 of the Dungeon on Oct 29, 2020.
             The game lasted 03:47:27 (42589 turns).

P0NYSLAYSTATION the Basher (Human Delver)          Turns: 42589, Time: 03:47:28

Health: -13/123    AC: 21    Str: 18    XL:     16   Next: 67%
Magic:  22/22      EV: 17    Int: 12    God:    Yredelemnul [***...]
Gold:   580        SH: 15    Dex: 31    Spells: 12/23 levels left

rFire    . . .     SeeInvis .   K - +8 mace of Desperation {vorpal, Dex+4}
rCold    . . .     Faith    .   Q - +2 kite shield
rNeg     . . .     Spirit   .   a - +5 scale mail {rPois}
rPois    +         Reflect  .   M - +0 helmet
rElec    .         Harm     .   u - +2 cloak {rPois}
rCorr    .         Rampage  .   V - +0 pair of gloves
MR       +....                  i - +0 pair of boots
Stlth    +++.......             (no amulet)
HPRegen  0.30/turn              l - +6 ring of dexterity
MPRegen  0.18/turn              Z - +6 ring of dexterity

@: studying Armour, lightly drained
A: no striking features
a: Recall Undead Slaves, Injury Mirror, Animate Dead, Renounce Religion


You were on level 15 of the Dungeon.
You worshipped Yredelemnul.
Yredelemnul was most pleased with you.
You visited 9 branches of the dungeon, and saw 31 of its levels.
You visited the Abyss 1 time.

You collected 2852 gold pieces.
You spent 2272 gold pieces at shops.

Inventory:

Hand Weapons
 D - the +0 spear of Ryp Zes {speed, Str+3 Int+3}
   (You bought it in a shop on level 2 of the Orcish Mines)

   Attacks with this weapon are significantly faster.
   It affects your strength (+3).
   It affects your intelligence (+3).
 K - the +8 mace of Desperation (weapon) {vorpal, Dex+4}
   (You took it off a gnoll sergeant on level 9 of the Dungeon)

   It inflicts extra damage upon your enemies.
   It affects your dexterity (+4).
Missiles
 o - 61 boomerangs
 v - 48 poisoned darts (quivered)
 z - 6 throwing nets
Armour
 a - a +5 scale mail of poison resistance (worn)
 i - a +0 pair of boots (worn)
 u - a +2 cloak of poison resistance (worn)
 G - a +2 scale mail of fire resistance
 M - a +0 helmet (worn)
 Q - a +2 kite shield (worn)
 V - a +0 pair of gloves (worn)
Jewellery
 b - an uncursed ring of protection from cold
 k - an uncursed ring of protection from fire
 l - a +6 ring of dexterity (left hand)
 A - an uncursed ring of protection from fire
 I - an uncursed ring of ice
 Z - a +6 ring of dexterity (right hand)
Wands
 f - a wand of enslavement (11)
 g - a wand of digging (3)
 y - a wand of flame (37)
 H - a wand of polymorph (15)
 N - a wand of random effects (22)
 R - a wand of iceblast (9)
 Y - a wand of acid (2)
Scrolls
 c - 3 scrolls of fog
 d - 3 scrolls of immolation
 h - 2 scrolls of teleportation
 j - 14 scrolls of remove curse
 n - 8 scrolls of magic mapping
 s - a scroll of acquirement
 x - 4 scrolls of torment
 E - a scroll of fear
 O - 3 scrolls of identify
 P - 2 scrolls of vulnerability
 S - 3 scrolls of amnesia
Potions
 e - 5 potions of curing
 p - 3 potions of brilliance
 r - 3 potions of mutation
 w - a potion of ambrosia
 B - 4 potions of magic
 C - 2 potions of stabbing
 F - 5 potions of might
 J - a potion of resistance
 L - 2 potions of flight
 T - 5 potions of haste
 U - 3 potions of lignification
 X - a potion of cancellation
Books
 q - a manual of Armour
Miscellaneous
 m - a lightning rod (1/4)
 W - a phial of floods (inert)


   Skills:
 + Level 10.3(10.0) Fighting
 + Level 12.0(12.9) Maces & Flails
 + Level 3.8(7.0) Polearms
   Level 9.7(12.0) Staves
 + Level 3.7(3.4) Throwing
 + Level 11.1(10.7) Armour
 + Level 8.4(8.1) Dodging
 + Level 8.1(7.7) Stealth
 + Level 10.0(9.7) Shields
 + Level 0.2(0.0) Unarmed Combat
 + Level 4.0(3.7) Spellcasting
 + Level 6.0(5.7) Hexes
 + Level 6.0(5.7) Translocations
 + Level 6.0(5.7) Ice Magic
 + Level 6.6(6.3) Invocations
 + Level 0.8(0.6) Evocations


You had 12 spell levels left.
You knew the following spells:

 Your Spells              Type           Power        Failure   Level
a - Corona                Hex            ###....      11%         1
b - Blink                 Tloc           N/A          17%         2
c - Ensorcelled Hibernat  Hex/Ice        ###...       17%         2
d - Confusing Touch       Hex            ###.....     32%         3
e - Teleport Other        Tloc           ###.....     32%         3

Your spell library contained the following spells:

 Spells                   Type           Power        Failure   Level
 Gell's Gravitas          Tloc           ###.......   32%         3
 Lesser Beckoning         Tloc           ###.......   32%         3
 Tukima's Dance           Hex            ###.....     32%         3
 Dazzling Flash           Conj/Hex       #.....       71%         3
 Cause Fear               Hex            ###.......   73%         4
 Passage of Golubria      Tloc           N/A          73%         4
 Magic Dart               Conj           #...         75%         1
 Searing Ray              Conj           #.....       86%         2
 Metabolic Englaciation   Hex/Ice        ###.......   97%         5
 Fulminant Prism          Conj/Hex       #.........   98%         4
 Iskenderun's Mystic Bla  Conj/Tloc      #.......     98%         4
 Petrify                  Tmut/Erth      #.......     100%        4
 Silence                  Hex/Air        #.........   100%        5
 Yara's Violent Unravell  Hex/Tmut       #.........   100%        5
 Discord                  Hex            ###.......   100%        8


Dungeon Overview and Level Annotations

Branches:
Dungeon (15/15)            Temple (1/1) D:4            Lair (6/6) D:10
 Shoals (1/4) Lair:4       Spider (1/4) Lair:3        Slime (1/5) Lair:5
    Orc (2/2) D:12            Elf (3/3) Orc:2        Vaults (0/5) D:14
 Depths (1/5) D:15

Altars:
Ashenzari
Cheibriados
Dithmenos
Elyvilon
Fedhas
Gozag
Hepliaklqana
Kikubaaqudgha
Makhleb
Nemelex Xobeh
Okawaru
Qazlal
Ru
Sif Muna
Trog
Uskayaw
Vehumet
Wu Jian
Xom
Yredelemnul
Zin
The Shining One
Jiyva

Shops:
D:10 *   D:14 *   Orc:1 }   Orc:2 *!!}(   Elf:1 :   Elf:2 *

Annotations:
D:3 Grinder
D:8 2 transporters, Grum; Kinoniko's ghost, novice DrBe
D:9 exclusion: oklob plant
D:13 1 runed translucent door, exclusion: orange crystal statue
Spider:1 1 runed translucent door
Orc:1 3 runed translucent doors, blackashell's ghost, novice TrFi
Elf:3 Mara; Roxanne


Message History

The dire elephant is almost dead.
You block the dire elephant's attack. The dire elephant misses you.
Okay, then.
You hit the dire elephant but do no damage.
The dire elephant is almost dead.
The dire elephant completely misses you.
You block the dire elephant's attack.
You hit the dire elephant but do no damage.
The dire elephant is almost dead.
You hit the dire elephant but do no damage.
The dire elephant is almost dead.
You block the dire elephant's attack. The dire elephant barely misses you.
You hit the dire elephant.
The dire elephant is almost dead.
The dire elephant closely misses you. You block the dire elephant's attack.
You hit the dire elephant.
The dire elephant is almost dead.
The dire elephant tramples you!!
You die...
Your body rises from the dead as a mindless zombie.

#......#
########.....#
......##.....#
......##....#########
......##....##......#
.............'......#
.............#......#
......##..(..#......#
......##.....#..@...#
......##....##..Y...#
......#####'##......#
............##......#
............##......#
....................#
########............#
......##....##......#
......###+####......#


You could see a dire elephant.

Vanquished Creatures
  An emperor scorpion (Lair:3)
  The ghost of Ceoqa the Fighter, a journeyman OgWz of Okawaru (Lair:4)
  A stone giant (Orc:2)
  A deep elf demonologist (Elf:2)
  A vault guard (D:14)
  Harold (D:8)
  5 hydras
  A boulder beetle (Lair:4)
  3 death yaks (Lair:6)
  3 centaur warriors
  3 dancing weapons
  7 two-headed ogres
  2 deep elf knights (Elf:2)
  2 unseen horrors
  15 deep elf magi
  3 orc knights (Orc:2)
  A deep elf archer (Elf:1)
  2 orb spiders
  An orc sorcerer (Orc:1)
  A wolf spider (Lair:4)
  An oklob plant (Lair:4)
  3 cyclopes
  3 ugly things
  2 manticores
  7 elephants
  3 black mambas
  11 cane toads
  2 gargoyles
  Joseph (D:8)
  2 rime drakes
  5 komodo dragons
  A demonic crawler (Lair:3)
  3 trolls
  A wind drake (shapeshifter) (D:14)
  A hornet (Spider:1)
  A jumping spider (Spider:1)
  22 blink frogs
  4 dream sheep (Lair:5)
  5 redbacks (Spider:1)
  2 tarantellas (Spider:1)
  A spriggan (shapeshifter) (Elf:2)
  42 yaks
  2 vampires (D:14)
  2 wraiths
  3 basilisks
  6 wyverns
  Eustachio (D:4)
  2 fire elementals (Elf:1)
  10 vampire mosquitoes
  A steam dragon (D:7)
  9 wargs
  Duvessa (D:5)
  4 soldier ants
  9 water moccasins
  5 ice beasts
  24 orc warriors
  A sky beast (D:9)
  3 black bears
  2 phantoms
  An eye of draining (D:15)
  9 ogres
  10 wolves
  26 centaurs
  A big kobold (D:10)
  19 bullfrogs
  6 gnoll sergeants
  A water moccasin zombie (D:9)
  Dowan (D:5)
  A wyvern skeleton (D:14)
  A scorpion (D:4)
  A water moccasin skeleton (D:10)
  5 killer bees (D:10)
  4 howler monkeys
  8 wights
  A vampire bat (Orc:1)
  2 centaur zombies
  5 jellies
  2 bullfrog zombies (D:9)
  A quasit (D:6)
  11 hounds
  13 orc priests
  3 gnoll shamans
  2 centaur skeletons
  5 iguanas
  16 orc wizards
  27 worker ants
  A hound zombie (D:6)
  A worker ant zombie (D:11)
  32 gnolls
  9 adders
  A shadow imp (D:8)
  3 white imps
  2 ufetubi
  2 oozes
  An adder skeleton (D:9)
  2 dart slugs (D:1)
  4 leopard geckos
  63 orcs
  A ball python (D:6)
  3 giant cockroaches
  5 goblins
  9 hobgoblins
  9 jackals
  3 quokkas
  7 bats
  4 frilled lizards
  2 goblin zombies (D:6)
  3 hobgoblin zombies (D:6)
  16 kobolds
  A kobold skeleton (D:6)
  A kobold zombie (D:6)
  A leopard gecko skeleton (D:5)
  An orc skeleton (D:6)
  3 rats
635 creatures vanquished.

Vanquished Creatures (collateral kills)
  3 boulder beetles
  Erolcha (D:11)
  6 hydras
  A rakshasa (D:14)
  2 catoblepae
  3 two-headed ogres
  A queen ant (Lair:1)
  A death knight (D:15)
  A tengu warrior (D:15)
  2 death yaks (Lair:6)
  An unseen horror (D:14)
  2 orc knights (Orc:2)
  An oklob plant (Lair:3)
  A deep elf mage (Elf:1)
  2 orc sorcerers (Orc:2)
  A cyclops (D:12)
  2 wolf spiders
  2 slime creatures (D:12)
  3 elephants
  A manticore (Lair:6)
  2 ugly things (D:15)
  2 black mambas (D:10)
  A centaur skeleton (D:14)
  6 cane toads
  2 rime drakes
  An efreet (D:13)
  3 komodo dragons
  A tengu conjurer (D:15)
  A demonic crawler (Spider:1)
  A polar bear (Lair:6)
  A jumping spider (Lair:4)
  A troll (D:13)
  9 blink frogs
  A redback (Lair:3)
  2 vampires
  A wraith (D:11)
  2 wyverns
  10 yaks
  2 vampire mosquitoes (D:15)
  3 soldier ants (Lair:1)
  5 water moccasins
  6 orc warriors
  2 eyes of draining
  4 centaurs
  A wolf (D:10)
  A gnoll sergeant (D:9)
  3 bullfrogs
  2 scorpions
  A vampire bat (Orc:1)
  A bullfrog zombie (D:11)
  4 orc priests
  2 hounds
  2 orc wizards
  An iguana (D:9)
  14 worker ants
  A killer bee zombie (D:8)
  6 gnolls
  2 white imps
  9 orcs
  A goblin zombie (D:6)
  A hobgoblin zombie (D:6)
  A kobold (D:9)
  A kobold skeleton (D:6)
  A bush (Lair:1)
161 creatures vanquished.

Vanquished Creatures (others)
  A flayed ghost (Lair:6)
  15 flying skulls
  A tarantella (Spider:1)
  2 vampires
  3 wraiths
  A spectral ogre (Orc:2)
  An ugly thing zombie (D:15)
  3 wights
  A stone giant zombie (Orc:2)
  A centaur skeleton (Orc:2)
  An orc wizard (Orc:2)
  A death yak zombie (Lair:6)
  A spectral orc (Orc:2)
  A blink frog skeleton (Lair:3)
  A mummy (Lair:1)
  A boulder beetle zombie (D:15)
  5 elephant zombies
  2 hydra zombies
  3 wolf zombies
  2 basilisk zombies
  5 blink frog zombies
  3 elf zombies
  A komodo dragon skeleton (Lair:3)
  A komodo dragon zombie (D:15)
  A troll zombie (D:14)
  3 two-headed ogre zombies
  2 water moccasin zombies (Lair:6)
  A wyvern zombie (D:10)
  11 yak zombies
  2 cane toad zombies
  2 warg skeletons (Orc:2)
  A water moccasin skeleton (Lair:3)
  A yak skeleton (Lair:3)
  4 bat zombies (Orc:1)
  2 black bear zombies
  A bullfrog zombie (D:9)
  7 centaur zombies
  8 gnoll zombies
  A hobgoblin zombie (D:9)
  3 hound zombies
  A howler monkey zombie (D:13)
  3 ogre zombies
  7 orc skeletons (Orc:2)
  36 orc zombies
  3 warg zombies (Orc:1)
  2 worker ant zombies
  2 bushes (Lair:5)
  83 fungi
  198 plants
  13 toadstools (D:9)
455 creatures vanquished.

Grand Total: 1251 creatures vanquished

Notes
Turn   | Place    | Note
-------+----------+-------------------------------------------
     0 | D:5      | P0NYSLAYSTATION the Human Delver began the quest for the
                  | Orb.
     0 | D:5      | Reached XP level 1. HP: 18/18 MP: 1/1
    12 | D:6      | Noticed a worker ant
    55 | D:5      | Noticed an ice beast
   120 | D:4      | Noticed a hound
   377 | D:3      | Reached XP level 2. HP: 24/24 MP: 2/2
   407 | D:3      | Found a shadowy altar of Dithmenos.
   421 | D:4      | Noticed a scorpion
   422 | D:4      | Found a staircase to the Ecumenical Temple.
   430 | Temple   | Entered the Ecumenical Temple
   583 | Temple   | Became a worshipper of Yredelemnul the Dark
   618 | D:3      | Learned a level 1 spell: Corona
   872 | D:3      | Noticed Grinder
   929 | D:2      | Reached XP level 3. HP: 29/29 MP: 3/3
  1878 | D:1      | Reached XP level 4. HP: 34/35 MP: 4/4
  2254 | D:2      | Found a shimmering blue altar of Sif Muna.
  3576 | D:4      | Reached skill level 1 in Staves
  3576 | D:4      | Reached skill level 1 in Armour
  3576 | D:4      | Reached XP level 5. HP: 27/41 MP: 5/5
  4376 | D:4      | Noticed Eustachio
  4481 | D:4      | Killed Eustachio
  4481 | D:4      | Reached XP level 6. HP: 20/48 MP: 6/6
  4716 | D:4      | Reached skill level 1 in Throwing
  4716 | D:4      | Reached XP level 7. HP: 45/53 MP: 7/7
  4780 | D:4      | Reached * piety under Yredelemnul
  5839 | D:5      | Noticed Duvessa
  5839 | D:5      | Noticed Dowan
  6163 | D:5      | Killed Duvessa
  6163 | D:5      | Reached XP level 8. HP: 44/60 MP: 8/8
  6170 | D:5      | Killed Dowan
  6170 | D:5      | Reached skill level 5 in Staves
  7127 | D:6      | HP: 1/61 [wolf (6)]
  7148 | D:6      | Reached XP level 9. HP: 9/66 MP: 9/9
  7188 | D:6      | HP: 3/66 [orc warrior/+0 trident (13)]
  7750 | D:6      | Found a glowing golden altar of the Shining One.
  7877 | D:6      | Reached skill level 1 in Invocations
  7997 | D:6      | Reached ** piety under Yredelemnul
  8207 | D:7      | Found an opulent altar of Gozag.
  8220 | D:7      | Reached skill level 5 in Fighting
  9224 | D:7      | Reached skill level 5 in Armour
  9861 | D:8      | Noticed a two-headed ogre
  9877 | D:8      | Killed a two-headed ogre
  9877 | D:8      | Reached XP level 10. HP: 47/76 MP: 11/11
 10303 | D:8      | Noticed Harold
 10376 | D:9      | Found a blossoming altar of Fedhas.
 10387 | D:9      | Noticed an oklob plant
 10449 | D:8      | Noticed Joseph
 10463 | D:8      | Killed Joseph
 10463 | D:8      | Reached skill level 5 in Dodging
 10463 | D:8      | Reached skill level 1 in Hexes
 10667 | D:8      | Killed Harold
 10667 | D:8      | Reached skill level 1 in Spellcasting
 10887 | D:8      | Found a transporter.
 10888 | D:8      | Found a transporter.
 11012 | D:8      | Noticed Grum
 11029 | D:8      | Noticed Kinoniko's ghost (novice DrBe)
 11035 | D:8      | Identified the ring "Imoulu God" {rPois rN+ SInv}
 11083 | D:8      | Identified the +3 spear of Uskayaw's Esteem {venom, rPois
                  | rF+ Dex+3}
 11083 | D:8      | Identified the cursed +1 scale mail "Boijom" {*Corrode rC+
                  | Stlth+}
 11083 | D:8      | Identified the +2 kite shield of Submission {rC- Str-5
                  | Int+10 Dex+4}
 12079 | D:10     | Entered Level 10 of the Dungeon
 12557 | D:9      | Reached XP level 11. HP: 76/83 MP: 13/13
 12744 | D:9      | Found a snail-covered altar of Cheibriados.
 12745 | D:9      | Found a sacrificial altar of Ru.
 12751 | D:9      | Reached *** piety under Yredelemnul
 12952 | D:9      | Received a gift from Yredelemnul (a wight)
 13843 | D:10     | Reached skill level 1 in Shields
 14237 | D:10     | Identified the +8 mace of Desperation {vorpal, Dex+4}
 14943 | D:10     | Found Kuf Hazy's Sacrilege Store.
 14944 | D:10     | Found a burning altar of Makhleb.
 14958 | D:10     | Reached skill level 1 in Maces & Flails
 15142 | D:10     | Reached **** piety under Yredelemnul
 15646 | D:10     | Received a gift from Yredelemnul (a mummy)
 15656 | D:10     | Found a staircase to the Lair.
 15672 | Lair:1   | Entered Level 1 of the Lair of Beasts
 15679 | D:10     | Reached skill level 2 in Maces & Flails
 16383 | Lair:1   | Reached skill level 3 in Maces & Flails
 17182 | D:11     | Noticed a boulder beetle
 17248 | D:11     | Killed an unseen horror
 17248 | D:11     | Reached XP level 12. HP: 32/91 MP: 14/14
 17627 | D:12     | Reached skill level 4 in Maces & Flails
 17983 | D:12     | Found a staircase to the Orcish Mines.
 17997 | D:12     | Received a gift from Yredelemnul (4 flying skulls)
 18316 | D:12     | Reached skill level 5 in Maces & Flails
 18650 | D:11     | Noticed Erolcha
 18654 | D:11     | Cast into level 1 of the Abyss (Erolcha)
 18700 | Abyss:1  | Noticed a sixfirhy
 18701 | D:11     | Escaped the Abyss
 18702 | D:11     | Killed Erolcha
 18702 | D:11     | Reached skill level 5 in Shields
 18959 | D:11     | Noticed a seven-headed hydra
 18965 | D:11     | Killed a seven-headed hydra
 18965 | D:11     | Reached skill level 6 in Maces & Flails
 19258 | D:11     | Noticed a two-headed ogre
 19269 | D:11     | Killed a two-headed ogre
 19404 | D:11     | Noticed a two-headed ogre
 19410 | D:11     | Killed a two-headed ogre
 19418 | D:11     | Killed a boulder beetle
 19703 | D:13     | Noticed a two-headed ogre
 19710 | D:13     | Reached skill level 7 in Maces & Flails
 19718 | D:13     | Killed a two-headed ogre
 20054 | D:13     | Reached ***** piety under Yredelemnul
 20316 | D:13     | Reached XP level 13. HP: 89/98 MP: 14/16
 20531 | D:13     | Reached skill level 8 in Maces & Flails
 20636 | D:13     | Found a runed translucent door.
 20727 | D:13     | Received a gift from Yredelemnul (2 flying skulls)
 21430 | D:13     | Noticed a centaur warrior
 21441 | D:13     | Killed a centaur warrior
 21698 | D:13     | Found the +9 staff of Wucad Mu {channel}
 21904 | Lair:1   | Received a gift from Yredelemnul (a wight)
 21905 | Lair:1   | Reached skill level 9 in Maces & Flails
 22362 | D:14     | Noticed a vault guard
 22377 | D:14     | Received a gift from Yredelemnul (a wraith)
 22396 | D:14     | Killed a vault guard
 22410 | D:14     | Found a gate to the Vaults.
 22737 | D:14     | Found Sadua's Assorted Antiques.
 22745 | D:14     | Bought a scroll of identify for 60 gold pieces
 22745 | D:14     | Bought a tiny cabochon amulet for 150 gold pieces
 22816 | D:14     | Reached skill level 5 in Invocations
 22914 | D:14     | Noticed a seven-headed hydra
 22941 | D:14     | Noticed a seven-headed hydra
 23013 | Orc:1    | Entered Level 1 of the Orcish Mines
 23167 | Orc:2    | Entered Level 2 of the Orcish Mines
 23167 | Orc:2    | Found Soeweggu's General Store.
 23167 | Orc:2    | Noticed a stone giant
 23199 | Orc:1    | Received a gift from Yredelemnul (a wight)
 23469 | Orc:1    | Found a runed translucent gate.
 23469 | Orc:1    | Found a runed translucent gate.
 23469 | Orc:1    | Found a runed translucent gate.
 23471 | Orc:1    | Noticed blackashell's ghost (novice TrFi)
 23548 | Orc:1    | Found Ziaq's Gadget Emporium.
 24708 | Lair:2   | Learned a level 2 spell: Blink
 24711 | Lair:2   | Learned a level 2 spell: Ensorcelled Hibernation
 24715 | Lair:2   | Learned a level 3 spell: Confusing Touch
 24719 | Lair:2   | Learned a level 3 spell: Teleport Other
 25627 | Lair:1   | Received a gift from Yredelemnul (5 flying skulls)
 25638 | Lair:1   | Reached skill level 10 in Maces & Flails
 25644 | Lair:1   | Reached skill level 1 in Translocations
 25758 | Lair:1   | Reached XP level 14. HP: 106/108 MP: 17/17
 25766 | Lair:1   | Reached skill level 1 in Ice Magic
 26220 | D:15     | Entered Level 15 of the Dungeon
 26478 | D:14     | Received a gift from Yredelemnul (4 flying skulls)
 28185 | D:15     | Noticed a dire elephant
 28197 | D:15     | Found a staircase to the Depths.
 28636 | Orc:2    | Received a gift from Yredelemnul (a vampire)
 28661 | Orc:2    | Killed a stone giant
 28696 | Orc:2    | Bought 2 potions of heal wounds for 140 gold pieces
 29619 | Orc:2    | Found a staircase to the Elven Halls.
 30293 | Lair:3   | Identified a scroll of acquirement
 30293 | Lair:3   | Acquired a manual of Armour
 30356 | Lair:3   | Received a gift from Yredelemnul (a vampire)
 30595 | Lair:3   | Reached XP level 15. HP: 97/114 MP: 20/20
 30819 | Lair:3   | Reached skill level 10 in Armour
 31154 | Lair:3   | Found a hole to the Spider Nest.
 32326 | Lair:4   | Found a runed translucent gate.
 32326 | Lair:4   | Found a runed translucent gate.
 32326 | Lair:4   | Found a runed translucent gate.
 32326 | Lair:4   | Noticed Ceoqa's ghost (journeyman OgWz)
 32373 | Lair:4   | Found a staircase to the Shoals.
 32413 | Lair:4   | Found a runed translucent door.
 32584 | Lair:4   | Got a fine whip
 32586 | Lair:4   | Identified the cursed +0 whip of Wyrd {vorpal, *Rage +Rage
                  | SInv} (You found it on level 4 of the Lair of Beasts)
 32849 | Lair:4   | Killed Ceoqa's ghost
 33086 | Lair:5   | Reached skill level 11 in Maces & Flails
 33236 | Lair:5   | Found a viscous altar of Jiyva.
 33236 | Lair:5   | Found a staircase to the Slime Pits.
 33298 | Lair:5   | Reached skill level 5 in Hexes
 33902 | Lair:6   | Entered Level 6 of the Lair of Beasts
 34218 | Lair:5   | Reached skill level 5 in Translocations
 34870 | Lair:6   | Reached skill level 5 in Ice Magic
 34956 | Lair:6   | Received a gift from Yredelemnul (a flayed ghost)
 35492 | Lair:6   | Reached skill level 10 in Fighting
 35492 | Lair:6   | Reached XP level 16. HP: 94/122 MP: 22/22
 35492 | Lair:6   | Received a gift from Yredelemnul (a wraith)
 36692 | Orc:2    | Received a gift from Yredelemnul (a wraith)
 37485 | Orc:2    | Found Jeythiqa's Distillery.
 37485 | Orc:2    | Found Ligan's Gadget Boutique.
 37487 | Orc:2    | Found Sokhyixe's Antique Weapon Shop.
 37489 | Orc:2    | Found Huff's Distillery.
 37493 | Orc:2    | Bought a potion of might for 60 gold pieces
 37493 | Orc:2    | Bought a potion of curing for 45 gold pieces
 37493 | Orc:2    | Bought a potion of heal wounds for 75 gold pieces
 37493 | Orc:2    | Bought a potion of haste for 150 gold pieces
 37493 | Orc:2    | Bought a potion of haste for 150 gold pieces
 37493 | Orc:2    | Bought a potion of haste for 150 gold pieces
 37493 | Orc:2    | Bought a potion of curing for 45 gold pieces
 37493 | Orc:2    | Bought a potion of curing for 45 gold pieces
 37496 | Orc:2    | Bought an ichor-stained spear for 240 gold pieces
 37496 | Orc:2    | Identified the cursed +0 spear of Ryp Zes {speed, Str+3
                  | Int+3} (You bought it in a shop on level 2 of the Orcish
                  | Mines)
 37502 | Orc:2    | Bought a potion of resistance for 120 gold pieces
 37502 | Orc:2    | Bought a potion of haste for 120 gold pieces
 37502 | Orc:2    | Bought a potion of haste for 120 gold pieces
 37808 | Spider:1 | Entered Level 1 of the Spider Nest
 38312 | Spider:1 | Found a runed translucent door.
 38370 | Spider:1 | Received a gift from Yredelemnul (a skeletal warrior)
 38479 | Slime:1  | Entered Level 1 of the Pits of Slime
 38479 | Slime:1  | Noticed an azure jelly
 38540 | Shoals:1 | Entered Level 1 of the Shoals
 38742 | Elf:1    | Entered Level 1 of the Elven Halls
 40269 | Elf:1    | Found Jouhayl's Book Shoppe.
 40502 | Elf:2    | Found Piemn's Assorted Antiques.
 40524 | Elf:2    | Bought 2 potions of curing for 168 gold pieces
 40524 | Elf:2    | Bought a scroll of blinking for 210 gold pieces
 40524 | Elf:2    | Bought a scroll of identify for 56 gold pieces
 40524 | Elf:2    | Bought a potion of flight for 84 gold pieces
 40524 | Elf:2    | Bought a scroll of teleportation for 84 gold pieces
 40547 | Elf:3    | Entered Level 3 of the Elven Halls
 40681 | Elf:3    | Noticed Roxanne
 40717 | Elf:3    | Noticed Mara
 41005 | Elf:2    | Noticed a Hell Sentinel
 41404 | Elf:1    | Reached skill level 12 in Maces & Flails
 42122 | Lair:3   | HP: 5/122 [emperor scorpion (12)]
 42128 | Lair:3   | Reached skill level 10 in Shields
 42344 | Depths:1 | Entered Level 1 of the Depths
 42589 | D:15     | Mangled by a dire elephant

Illustrated notes

Levels and vault maps discovered:
D:1:      psy_arrival_radial02, layout_basic
D:2:      layout_basic, lemuel_coloured_pillars_altar, kennysheep_nondescript
D:3:      layout_basic, grunt_dithmenos_smoke, st_stairs_12,
          nrook_loot_triangle, kennysheep_another_room, uniq_grinder
D:4:      layout_loops_ring, minmay_temple_entry_offerings, dk_noncrumbling_3,
          minmay_unequal, uniq_eustachio
D:5:      layout_loops_cross, uniq_duvessa
D:6:      minmay_chambers_of_fours, layout_cave_pools, serial_gnoll_camp,
          gnoll_camp_medium_02, gnoll_camp_mini_basic, gnoll_camp_mini_hut,
          gnoll_camp_mini_doghouse, nicolae_tso_besieged_by_evil
D:7:      layout_cave_pools, nicolae_gozag_seed_capital,
          minmay_misc_feat_ornament, nicolae_lava_and_water
D:8:      cheibrodos_helix_gallery, layout_rooms, gammafunk_ghost_gnarly_gnolls,
          grunt_decor_one_mirror, uniq_harold, uniq_joseph
D:9:      kennysheep_housing_project, layout_long_grid,
          gammafunk_temple_overflow_statue, tgw_fedhas
D:10:     layout_cave_pools, david_lair_shrubbed, grunt_decor_cap,
          nicolae_evil_shop
D:11:     layout_roguey, kennysheep_generic_room_5, uniq_erolcha
D:12:     layout_rooms, david_orc_3
D:13:     layout_loops_ring, minmay_crystal_box
D:14:     layout_basic, david_vaults_5, serial_shops,
          nicolae_shop_overgrown_old_shop, hex_medium
D:15:     hangedman_depths_entry_try_elsewhere_first, layout_gridville,
          minmay_misc_feat_diagonals
Temple:   nicolae_temple_elliptical
Lair:1:   layout_gridlike
Lair:2:   layout_chaotic_city, chequers_serial_rivers_micro_b,
          zaba_antful_of_joy
Lair:3:   layout_gridlike, nicolae_spider_entry_orb_guardian,
          minmay_lair_oklob_items
Lair:4:   gammafunk_indiana_jones, layout_misc_corridors, shoals_dummy_entry,
          ebering_ghost_rock_garden
Lair:5:   layout_roguey, slime_altar_1, minivault_19
Lair:6:   evilmike_catoblepas_cave, layout_long_grid, grunt_megastairs_3
Shoals:1: layout_shoals, gammafunk_ghost_abyssal_escape
Spider:1: cheibrodos_spider_deadly_dance
Slime:1:  layout_caves
Orc:1:    cheibrodos_orc_guarddog, layout_caves, serial_shops,
          nicolae_shop_stone, ebering_ghost_rock_garden, roderic_batcave
Orc:2:    st_orc_rangers, layout_diamond_mine, serial_shops,
          nicolae_shop_temple_entry_statues_fountains
Elf:1:    eino_elf_arrival_customs, layout_geoelf_diagonals, serial_shops,
          nicolae_shop_stone, kennysheep_underground_church,
          minmay_misc_feat_rows
Elf:2:    layout_gridlike, serial_shops, shop, minivault_26,
          statue_in_the_mist_lemuel
Elf:3:    minmay_elf_hall, layout_geoelf_octagon, serial_sigils_hangedman_etch,
          item_on_display_a, uniq_mara, uniq_roxanne, uniq_asterion
Depths:1: minmay_containers, layout_basic, grunt_pan_entry_in_and_out,
          hangedman_decor_points, hell_entry, ebering_ghost_disaster_area,
          grunt_ministairs_3, grunt_tough_drop

Skill      XL: |  1  2  3  4  5  6  7  8  9 10 11 12 13 14 15 16 |
---------------+-------------------------------------------------+-----
Staves         | 1 2 4 6 8 9 |  9.7
Armour         | 1 2 3 4 5 6 8 9 10 11 | 11.1
Stealth        | 6 7 8 |  8.1
Throwing       | 1 2 3 |  3.7
Fighting       | 4 5 6 7 8 9 10 | 10.3
Dodging        | 3 4 5 6 7 8 |  8.4
Invocations    | 2 3 4 5 6 |  6.6
Hexes          | 1 4 6 |  6.0
Spellcasting   | 1 3 4 |  4.0
Polearms       | 3 |  3.8
Shields        | 4 5 6 8 9 10 | 10.0
Maces & Flails | 3 7 10 11 12 | 12.0
Translocations | 1 3 5 6 |  6.0
Ice Magic      | 3 5 6 |  6.0
Unarmed Combat | |  0.2
Evocations     | |  0.8

Action                   |  1- 3 |  4- 6 |  7- 9 | 10-12 | 13-15 | 16-18 || total
-------------------------+-------+-------+-------+-------+-------+-------++-------
Melee: Spear             |    84 |       |       |       |       |    40 ||   124
       Quarterstaff      |     8 |   112 |   440 |   292 |       |       ||   852
       Unarmed           |       |       |       |     5 |       |       ||     5
       Mace              |       |       |       |   430 |  1439 |   486 ||  2355
       Trident           |       |       |       |   157 |       |       ||   157
Throw: Boomerang         |       |     7 |     1 |     8 |     3 |       ||    19
       Dart              |       |     6 |    13 |    28 |    28 |     2 ||    77
       Throwing net      |       |       |       |     4 |       |       ||     4
 Cast: Corona            |       |       |     1 |     2 |       |     1 ||     4
       Blink             |       |       |       |       |       |     1 ||     1
       Ensorcelled Hiber |       |       |       |       |       |     1 ||     1
Invok: Animate Remains   |       |       |    18 |     5 |       |       ||    23
       Injury Mirror     |       |       |     1 |     1 |     5 |     2 ||     9
       Animate Dead      |       |       |       |    17 |    43 |    10 ||    70
       Recall Undead Sla |       |       |       |     1 |     8 |     1 ||    10
       Enslave Soul      |       |       |       |       |     5 |       ||     5
       Drain Life        |       |       |       |       |       |     1 ||     1
Evoke: Wand              |       |       |       |       |     4 |     3 ||     7
       Lightning rod     |       |       |       |       |     5 |     7 ||    12
       Phial of floods   |       |       |       |       |       |     1 ||     1
  Use: Scroll            |     5 |       |     8 |     7 |    27 |     7 ||    54
       Potion            |     1 |     2 |     6 |     8 |     5 |     8 ||    30
 Stab: Sleeping          |     9 |     3 |     5 |    17 |    16 |     6 ||    56
       Distracted        |       |     1 |     2 |    11 |    25 |     2 ||    41
       Petrified         |       |       |       |       |     7 |       ||     7
       Held in net/web   |       |       |       |       |       |     1 ||     1
Armor: Ring mail         |    25 |    57 |   147 |       |       |       ||   229
       Scale mail        |       |       |    44 |   389 |   556 |   144 ||  1133
Dodge: Dodged            |    36 |    65 |   385 |   589 |   773 |   240 ||  2088
Block: Buckler           |       |       |       |   197 |    55 |       ||   252
       Kite shield       |       |       |       |       |  1016 |   386 ||  1402

Table legend: (Time is in decaauts)
 A = Elapsed time spent in this place.
 B = Non-inter-level travel time spent in this place.
 C = Inter-level travel time spent in this place.
 D = Time resting spent in this place.
 E = Time spent auto-exploring this place.
 F = Levels seen in this place.
 G = Mean time per level.
                   A        B        C        D        E       F      G
               +--------+--------+--------+--------+--------+-----+--------+
         Total |  42309 |  38686 |   3623 |   5159 |  24890 |  32 | 1322.2 |
       Dungeon |  25117 |  22916 |   2201 |   1811 |  16178 |  15 | 1674.5 |
        Temple |    411 |    395 |     16 |    245 |    136 |   1 |  411.0 |
          Lair |  10319 |   9293 |   1026 |   1659 |   5774 |   6 | 1719.8 |
        Shoals |     13 |     13 |      0 |      0 |      0 |   1 |   13.0 |
   Spider Nest |    261 |    261 |      0 |      0 |    106 |   1 |  261.0 |
    Slime Pits |      1 |      1 |      0 |      0 |      0 |   1 |    1.0 |
  Orcish Mines |   3262 |   3041 |    221 |    467 |   1901 |   2 | 1631.0 |
   Elven Halls |   2873 |   2716 |    157 |    964 |    772 |   3 |  957.7 |
        Depths |      1 |      1 |      0 |      0 |      0 |   1 |    1.0 |
         Abyss |     46 |     46 |      0 |     13 |     23 |   1 |   46.0 |
               +--------+--------+--------+--------+--------+-----+--------+

Top non-repeatable levels by time:
     D:9: 2728 daAuts
    D:14: 2226 daAuts
    D:13: 2196 daAuts
     D:6: 2113 daAuts
     D:8: 2053 daAuts
   Orc:2: 2053 daAuts
  Lair:1: 2046 daAuts
  Lair:6: 2024 daAuts
   Elf:1: 2007 daAuts
     D:4: 1993 daAuts
  Lair:3: 1932 daAuts
    D:10: 1865 daAuts
    D:11: 1716 daAuts
     D:5: 1533 daAuts
  Lair:2: 1502 daAuts
